[Event "Kragero Resort Chess B 2019"]
[Site "Kragero"]
[Date "2019.02.23"]
[Round "6.5"]
[White "Gronn, Embla Ekeland"]
[Black "Arntsen, Frode"]
[Result "0-1"]
[ECO "D01"]
[WhiteElo "1633"]
[BlackElo "1718"]
[Annotator "NA RC"]
[PlyCount "56"]
[EventDate "2019.02.20"]
[EventType "swiss"]
[EventCountry "NOR"]
[SourceTitle "playchess.com"]
[Source "ChessBase"]
[SourceQuality "1"]
[TimeControl "5400+30"]

1. d4 Nf6 2. Nc3 d5 3. Bg5 Nbd7 4. Nf3 g6 5. e3 Bg7 6. Bd3 O-O 7. O-O c6 8. Re1 Re8 9. Re2 e5 10. dxe5 Nxe5 11. Nxe5 Rxe5 12. f4 Re8 13. f5 Qb6 14. Rb1 Ne4 15. Bxe4 dxe4 16. f6 Bf8 17. Qe1 h6 18. Bf4 Qc5 19. Rd1 Bg4 20. Rd4 Bxe2 21. Qxe2 g5 22. Nxe4 Rxe4 23. Rxe4 gxf4 24. Rxf4 Re8 25. Qg4+ Kh8 26. Qd7 Qxe3+ 27. Rf2 Qe1+ 28. Rf1 Bc5+ 0-1

[Event "Kragero Resort Chess B 2019"]
[Site "Kragero"]
[Date "2019.02.23"]
[Round "6.6"]
[White "Hausken, Andreas Skrede"]
[Black "Bernstein, Jonas August"]
[Result "1-0"]
[ECO "B11"]
[WhiteElo "1752"]
[BlackElo "1744"]
[Annotator "NA RC"]
[PlyCount "85"]
[EventDate "2019.02.20"]
[EventType "swiss"]
[EventCountry "NOR"]
[SourceTitle "playchess.com"]
[Source "ChessBase"]
[SourceQuality "1"]
[TimeControl "5400+30"]

1. e4 c6 2. Nf3 d5 3. Nc3 Bg4 4. h3 Bxf3 5. Qxf3 e6 6. d3 g6 7. g3 Bg7 8. Bg2 Ne7 9. Bg5 h6 10. Bf6 O-O 11. Bxg7 Kxg7 12. O-O-O Nd7 13. Ne2 a5 14. g4 b5 15. Qg3 b4 16. f4 a4 17. f5 b3 18. cxb3 axb3 19. axb3 e5 20. Rdf1 f6 21. fxg6 d4 22. h4 Qb6 23. Kc2 Qc5+ 24. Kb1 Ra5 25. Rc1 Qb6 26. g5 Qxb3 27. Nxd4 exd4 28. Qd6 Nxg6 29. Qxd7+ Rf7 30. gxf6+ Kh7 31. Qxd4 Rfa7 32. Qxa7+ Rxa7 33. Rc3 Qf7 34. Rf1 Nxh4 35. Bh3 Ng6 36. d4 Ra4 37. Rxc6 Rxd4 38. Be6 Qb7 39. Bd5 Qb5 40. Rc7+ Kh8 41. Rc8+ Kh7 42. Bg8+ Kh8 43. Bc4+ 1-0

[Event "Kragero Resort Chess B 2019"]
[Site "Kragero"]
[Date "2019.02.23"]
[Round "6.8"]
[White "Rynning, Rune Kleiven"]
[Black "Sivertsen, Jarle"]
[Result "1-0"]
[ECO "B40"]
[WhiteElo "1542"]
[BlackElo "1605"]
[Annotator "NA RC"]
[PlyCount "131"]
[EventDate "2019.02.20"]
[EventType "swiss"]
[EventCountry "NOR"]
[SourceTitle "playchess.com"]
[Source "ChessBase"]
[SourceQuality "1"]
[TimeControl "5400+30"]

1. e4 c5 2. Nf3 e6 3. d4 cxd4 4. Nxd4 Nf6 5. Nc3 Bb4 6. f3 Nc6 7. Nxc6 bxc6 8. Qd4 Qb6 9. Qf2 Qxf2+ 10. Kxf2 Bxc3 11. bxc3 d5 12. e5 Nd7 13. f4 O-O 14. Ba3 c5 15. Bb5 Rb8 16. Bxd7 Bxd7 17. Bxc5 Rfc8 18. Bxa7 Rb2 19. Bd4 Rxc2+ 20. Kg3 Rb8 21. Rhb1 Rbb2 22. Rxb2 Rxb2 23. a4 Bc8 24. a5 Ba6 25. Ra4 Kf8 26. Kf3 Rb8 27. Rb4 Ra8 28. Bc5+ Ke8 29. Rb6 Bc4 30. Bb4 Ba6 31. Ke3 Bc8 32. Kd4 Kd7 33. g3 g6 34. g4 Ba6 35. f5 Bc8 36. fxe6+ fxe6 37. Rd6+ Ke8 38. g5 Ra7 39. Kc5 Rc7+ 40. Kb6 Rb7+ 41. Kc6 Ra7 42. Kb5 Rb7+ 43. Rb6 Kd7 44. Bd6 Ra7 45. Bb8 Rb7 46. a6 Rxb6+ 47. Kxb6 Bxa6 48. Kxa6 Kc6 49. Bd6 d4 50. cxd4 Kd5 51. Bc5 Ke4 52. Kb5 Kf5 53. h4 Kg4 54. d5 exd5 55. e6 Kxh4 56. e7 Kxg5 57. e8=Q d4 58. Bxd4 Kh5 59. Be3 Kg4 60. Qe4+ Kh5 61. Qf4 h6 62. Qxh6+ Kg4 63. Qxg6+ Kh3 64. Bf2 Kh2 65. Qg3+ Kh1 66. Qg1# 1-0

[Event "Kragero Resort Chess B 2019"]
[Site "Kragero"]
[Date "2019.02.23"]
[Round "7.1"]
[White "Arntsen, Frode"]
[Black "Wright, Haakon"]
[Result "1/2-1/2"]
[ECO "E12"]
[WhiteElo "1718"]
[BlackElo "1750"]
[Annotator "NA"]
[PlyCount "48"]
[EventDate "2019.02.20"]
[EventType "swiss"]
[EventCountry "NOR"]
[SourceTitle "playchess.com"]
[Source "ChessBase"]
[SourceQuality "1"]
[TimeControl "5400+30"]

1. c4 b6 2. Nf3 Bb7 3. Nc3 e6 4. d4 Nf6 5. Bg5 Bb4 6. e3 O-O 7. Be2 d6 8. O-O Bxc3 9. bxc3 Nbd7 10. Nd2 e5 11. Bf3 Bxf3 12. Qxf3 h6 13. Bh4 Qc8 14. Ne4 Nxe4 15. Qxe4 f5 16. Qd5+ Kh8 17. f4 e4 18. h3 Nf6 19. Qc6 Qd7 20. Qxd7 Nxd7 21. a4 a5 22. Kf2 Kg8 23. Be7 c5 24. Bh4 Kf7 1/2-1/2

[Event "Kragero Resort Chess B 2019"]
[Site "Kragero"]
[Date "2019.02.23"]
[Round "7.2"]
[White "Halvorsen, Benjamin"]
[Black "Magnusdottir, Veronika Steinunn"]
[Result "1-0"]
[ECO "C00"]
[WhiteElo "1683"]
[BlackElo "1740"]
[Annotator "NA"]
[PlyCount "51"]
[EventDate "2019.02.20"]
[EventType "swiss"]
[EventCountry "NOR"]
[SourceTitle "playchess.com"]
[Source "ChessBase"]
[SourceQuality "1"]
[TimeControl "5400+30"]

1. e4 c5 2. Nf3 e6 3. g3 Nc6 4. Bg2 d6 5. c3 Nf6 6. Qe2 Qc7 7. O-O Be7 8. d4 cxd4 9. Nxd4 Bd7 10. Na3 O-O 11. Rd1 Rfe8 12. Bg5 d5 13. Nxc6 Bxc6 14. e5 Ne4 15. Bxe7 Qxe7 16. Nc2 b6 17. Nd4 Bb7 18. Nb5 Nc5 19. Nd6 Ba6 20. Qe3 Red8 21. b4 Ne4 22. Bxe4 dxe4 23. Qxe4 f6 24. b5 fxe5 25. bxa6 Rxd6 26. Qxa8+ 1-0

[Event "Kragero Resort Chess B 2019"]
[Site "Kragero"]
[Date "2019.02.23"]
[Round "7.3"]
[White "Rynning, Rune Kleiven"]
[Black "Manukyan, Hayk T."]
[Result "0-1"]
[ECO "B19"]
[WhiteElo "1542"]
[BlackElo "1806"]
[Annotator "NA"]
[PlyCount "52"]
[EventDate "2019.02.20"]
[EventType "swiss"]
[EventCountry "NOR"]
[SourceTitle "playchess.com"]
[Source "ChessBase"]
[SourceQuality "1"]
[TimeControl "5400+30"]

1. e4 c6 2. d4 d5 3. Nc3 dxe4 4. Nxe4 Bf5 5. Ng3 Bg6 6. h4 h6 7. h5 Bh7 8. Nf3 Nd7 9. Bd3 Bxd3 10. Qxd3 e6 11. c4 Bb4+ 12. Bd2 Bxd2+ 13. Qxd2 Ngf6 14. Qb4 Qc7 15. O-O c5 16. Qc3 O-O 17. Rac1 Rfd8 18. dxc5 Nxc5 19. b4 Nce4 20. Nxe4 Nxe4 21. Qe3 Nf6 22. Ne5 Nxh5 23. c5 Rd5 24. Nc4 Qf4 25. Qxf4 Nxf4 26. Rcd1 Ne2+ 0-1

[Event "Kragero Resort Chess B 2019"]
[Site "Kragero"]
[Date "2019.02.23"]
[Round "7.4"]
[White "Tumanyan, Simon H."]
[Black "Hausken, Andreas Skrede"]
[Result "1-0"]
[ECO "B40"]
[WhiteElo "1704"]
[BlackElo "1752"]
[Annotator "NA"]
[PlyCount "143"]
[EventDate "2019.02.20"]
[EventType "swiss"]
[EventCountry "NOR"]
[SourceTitle "playchess.com"]
[Source "ChessBase"]
[SourceQuality "1"]
[TimeControl "5400+30"]

1. e4 c5 2. Nf3 e6 3. c3 Nf6 4. Bd3 Nc6 5. e5 Nd5 6. Be4 d6 7. exd6 Qxd6 8. O-O Be7 9. d4 cxd4 10. Nxd4 Nxd4 11. Qxd4 Nf6 12. Qxd6 Bxd6 13. Bf3 O-O 14. Rd1 Bc7 15. Na3 a6 16. Be3 e5 17. c4 e4 18. Be2 Be6 19. Bd4 Ng4 20. h3 Ne5 21. b3 Rfd8 22. Nc2 f5 23. Be3 Bf7 24. Nd4 g6 25. c5 Rd5 26. f4 exf3 27. Nxf3 Rad8 28. Rxd5 Rxd5 29. Rc1 Nd3 30. Rc3 Nf4 31. Bf1 Rd1 32. Rc2 Bd5 33. Kf2 Be4 34. Bc4+ Kf8 35. Rd2 Rxd2+ 36. Bxd2 Nd3+ 37. Bxd3 Bxd3 38. Ng5 Kg8 39. Bc3 Bb5 40. Ne6 Bb8 41. Nd8 Ba7 42. b4 Bc4 43. Nxb7 Bxa2 44. Nd6 a5 45. Nb5 axb4 46. Bxb4 Bb8 47. c6 g5 48. c7 Bxc7 49. Nxc7 g4 50. h4 f4 51. Bd6 f3 52. gxf3 gxf3 53. Kxf3 Kf7 54. Kf4 Kg6 55. Kg4 Bc4 56. h5+ Kf7 57. Kg5 Bb3 58. Nb5 Ba2 59. Nd4 Bb1 60. Be5 Bd3 61. Nf3 Be4 62. Nh2 Bc2 63. Ng4 Ke6 64. Bb2 Bb1 65. Nf6 Kd6 66. Kh6 Kc5 67. Nxh7 Kd5 68. Ng5 Bf5 69. Kg7 Bc2 70. h6 Bb1 71. Nh7 Ke6 72. Nf8+ 1-0

[Event "Kragero Resort Chess B 2019"]
[Site "Kragero"]
[Date "2019.02.23"]
[Round "7.5"]
[White "Fjellheim, Benjamin"]
[Black "Leonhardsen, Vebjorn Maanum"]
[Result "1/2-1/2"]
[ECO "A12"]
[WhiteElo "1757"]
[BlackElo "1748"]
[Annotator "NA"]
[PlyCount "46"]
[EventDate "2019.02.20"]
[EventType "swiss"]
[EventCountry "NOR"]
[SourceTitle "playchess.com"]
[Source "ChessBase"]
[SourceQuality "1"]
[TimeControl "5400+30"]

1. c4 c6 2. g3 d5 3. Bg2 Nf6 4. Nf3 Bf5 5. O-O e6 6. b3 Be7 7. Bb2 h6 8. d3 O-O 9. Nbd2 Nbd7 10. Re1 Bh7 11. d4 Ne4 12. Nxe4 Bxe4 13. Nd2 Bxg2 14. Kxg2 Nf6 15. e3 a5 16. a3 Qc7 17. Qc2 Rfc8 18. Rec1 Ra6 19. c5 Nd7 20. b4 axb4 21. axb4 Rca8 22. Rxa6 Rxa6 23. Ra1 Rxa1 1/2-1/2

[Event "Kragero Resort Chess B 2019"]
[Site "Kragero"]
[Date "2019.02.23"]
[Round "7.6"]
[White "Omtvedt, Per"]
[Black "Berg, Thomas"]
[Result "1/2-1/2"]
[ECO "B26"]
[WhiteElo "1918"]
[BlackElo "2235"]
[Annotator "NA"]
[PlyCount "109"]
[EventDate "2019.02.20"]
[EventType "swiss"]
[EventCountry "NOR"]
[SourceTitle "playchess.com"]
[Source "ChessBase"]
[SourceQuality "1"]
[TimeControl "5400+30"]

1. e4 c5 2. Nc3 Nc6 3. g3 g6 4. Bg2 Bg7 5. d3 d6 6. Be3 Rb8 7. Qd2 b5 8. Nge2 b4 9. Nd1 Nd4 10. O-O Nxe2+ 11. Qxe2 Nf6 12. h3 h5 13. f4 a5 14. e5 dxe5 15. fxe5 Nh7 16. Bxc5 O-O 17. d4 Ng5 18. Kh2 Qc7 19. Nf2 Ne6 20. Ne4 Bb7 21. Rae1 Bxe4 22. Qxe4 Nxc5 23. dxc5 Qxc5 24. Rf3 e6 25. Bf1 Rbd8 26. Bd3 Qd4 27. Qxd4 Rxd4 28. Rf4 Rd5 29. Rfe4 Rc8 30. Kg2 Rcc5 31. Kf3 Rxe5 32. b3 Kf8 33. g4 hxg4+ 34. hxg4 Rxe4 35. Rxe4 Ke7 36. Bc4 Re5 37. Rxe5 Bxe5 38. Ke4 Kd6 39. Bb5 f5+ 40. gxf5 gxf5+ 41. Kf3 Bg7 42. Ba6 Bh6 43. Bc8 Kd5 44. Bd7 Bc1 45. Bc8 f4 46. Bb7+ Kd4 47. Be4 Kc3 48. Bg6 Kb2 49. Be4 Kxa2 50. Bg6 Ka3 51. Be4 a4 52. bxa4 Kxa4 53. Bg6 b3 54. cxb3+ Kxb3 55. Be4 1/2-1/2

[Event "Kragero Resort Chess B 2019"]
[Site "Kragero"]
[Date "2019.02.23"]
[Round "7.7"]
[White "Olsen, William Alexander"]
[Black "Opseth, Oliver"]
[Result "0-1"]
[ECO "B08"]
[WhiteElo "1646"]
[BlackElo "1750"]
[Annotator "NA"]
[PlyCount "50"]
[EventDate "2019.02.20"]
[EventType "swiss"]
[EventCountry "NOR"]
[SourceTitle "playchess.com"]
[Source "ChessBase"]
[SourceQuality "1"]
[TimeControl "5400+30"]

1. e4 d6 2. Nf3 g6 3. d4 Nf6 4. Nc3 Bg4 5. Bc4 Bxf3 6. Qxf3 Nbd7 7. Be3 Bg7 8. O-O-O e5 9. g4 O-O 10. h4 Nb6 11. Bb3 Qc8 12. Rhg1 c5 13. dxc5 dxc5 14. g5 Nh5 15. Nd5 Nxd5 16. Rxd5 b6 17. Bc4 Nf4 18. Bxf4 exf4 19. e5 b5 20. Bxb5 Rb8 21. Bc4 Rb4 22. b3 Qb7 23. Qxf4 Qxd5 24. a3 Rxc4 25. bxc4 Qxe5 0-1

[Event "Kragero Resort Chess B 2019"]
[Site "Kragero"]
[Date "2019.02.23"]
[Round "7.8"]
[White "Thorstensen, Martin"]
[Black "Hestholm, Gustav"]
[Result "1-0"]
[ECO "B30"]
[WhiteElo "1717"]
[BlackElo "1660"]
[Annotator "NA"]
[PlyCount "120"]
[EventDate "2019.02.20"]
[EventType "swiss"]
[EventCountry "NOR"]
[SourceTitle "playchess.com"]
[Source "ChessBase"]
[SourceQuality "1"]
[TimeControl "5400+30"]

1. e4 c5 2. Nf3 Nc6 3. Nc3 g6 4. Bc4 Bg7 5. a3 Nf6 6. d3 O-O 7. O-O a6 8. Be3 b5 9. Ba2 d6 10. h3 Bb7 11. Rb1 Qd7 12. Ne2 Rac8 13. Nd2 Ne8 14. f4 Nc7 15. Ng3 e6 16. f5 exf5 17. exf5 Bd4 18. Bxd4 Nxd4 19. fxg6 hxg6 20. c3 Nc6 21. Nde4 Ne8 22. Nf6+ Nxf6 23. Rxf6 Kg7 24. Qf1 Qe7 25. Rf4 Qe3+ 26. Qf2 Rce8 27. Rf1 Qxf2+ 28. R4xf2 Nd8 29. Rf6 Re3 30. Ne4 Bxe4 31. dxe4 Rd3 32. Bd5 Rd2 33. Rxd6 a5 34. Rf2 Rxf2 35. Kxf2 Ne6 36. Ke3 Nc7 37. Rd7 Nxd5+ 38. Rxd5 Rc8 39. Rd6 Rb8 40. Rc6 c4 41. e5 Kf8 42. Kd4 Ke7 43. Kc5 b4 44. cxb4 axb4 45. axb4 Rd8 46. Kxc4 Rd2 47. Kb3 Rxg2 48. Rc3 Re2 49. b5 Rxe5 50. Kb4 Kd6 51. b6 Re8 52. Kb5 Ra8 53. b7 Rb8 54. Kb6 f5 55. Rc8 Rxb7+ 56. Kxb7 f4 57. Rc6+ Ke5 58. Rxg6 f3 59. Rg1 Ke4 60. Rf1 Kd5 1-0

[Event "Kragero Resort Chess B 2019"]
[Site "Kragero"]
[Date "2019.02.24"]
[Round "8.1"]
[White "Wright, Haakon"]
[Black "Manukyan, Hayk T."]
[Result "1/2-1/2"]
[ECO "A11"]
[WhiteElo "1750"]
[BlackElo "1806"]
[Annotator "NA RC"]
[PlyCount "103"]
[EventDate "2019.02.20"]
[EventType "swiss"]
[EventCountry "NOR"]
[SourceTitle "playchess.com"]
[Source "ChessBase"]
[SourceQuality "1"]
[TimeControl "5400+30"]

1. c4 c6 2. g3 d5 3. Bg2 Nf6 4. Nf3 Bf5 5. O-O e6 {[%emt 0:00:00] LiveBook: 761 Games} 6. d3 Nbd7 7. Nc3 Be7 8. Bf4 h6 (8... O-O $11) 9. cxd5 $1 exd5 10. Rb1 ({White should play} 10. e4 $14 dxe4 11. dxe4 Nxe4 12. Nxe4 Bxe4 13. Re1) 10... a5 11. a3 O-O 12. b4 $11 Re8 13. Qb3 axb4 14. axb4 Bf8 15. Rfe1 Qb6 16. Be3 Qc7 17. Rec1 Qd8 18. b5 Ng4 19. bxc6 bxc6 20. Nd1 Rb8 21. Qa2 Rxb1 22. Rxb1 Bc5 23. Bxc5 Nxc5 24. h3 Nf6 25. Nd4 Bd7 26. Rc1 Qb6 27. Qc2 Ne6 28. Nxc6 Bxc6 29. Qxc6 Qxc6 30. Rxc6 Nd4 31. Rc5 Rxe2 32. Ne3 Re1+ 33. Bf1 Nf3+ 34. Kg2 Nd2 35. Rc2 d4 36. Rxd2 dxe3 37. Re2 Rxe2 38. Bxe2 exf2 39. Kxf2 Kf8 40. Bf3 Ke7 41. Ke3 Kd6 42. Kd4 Ng8 43. Bd5 Ne7 44. Bxf7 Nf5+ 45. Ke4 Nxg3+ 46. Kf4 Ne2+ 47. Kf5 g5 48. Bh5 Nf4 49. Bd1 Nxd3 50. Kg6 Nf2 51. Kxh6 Nxh3 52. Bg4 1/2-1/2

[Event "Kragero Resort Chess B 2019"]
[Site "Kragero"]
[Date "2019.02.24"]
[Round "8.2"]
[White "Tumanyan, Simon H."]
[Black "Halvorsen, Benjamin"]
[Result "1-0"]
[ECO "B07"]
[WhiteElo "1704"]
[BlackElo "1683"]
[Annotator "NA RC"]
[PlyCount "70"]
[EventDate "2019.02.20"]
[EventType "swiss"]
[EventCountry "NOR"]
[SourceTitle "playchess.com"]
[Source "ChessBase"]
[SourceQuality "1"]
[TimeControl "5400+30"]

1. e4 d6 2. d4 Nf6 3. Nc3 g6 4. Bg5 Bg7 5. e5 dxe5 6. dxe5 Qxd1+ 7. Rxd1 Nfd7 8. f4 Nb6 9. Nf3 Bg4 10. Be2 c6 11. O-O N8d7 12. Bh4 e6 13. Ne4 O-O 14. Nd6 Nd5 15. h3 Nxf4 16. hxg4 Nxe2+ 17. Kf2 Nf4 18. Rfe1 f6 19. exf6 Nxf6 20. Kg3 N6d5 21. c4 Nb4 22. Be7 Nbd3 23. Bxf8 Bxf8 24. Nxb7 Nxe1 25. Rxe1 Rb8 26. Kxf4 Rxb7 27. b3 Rf7+ 28. Ke5 Bb4 29. Rd1 h6 30. Kxe6 Kg7 31. Rd7 Rxd7 32. Kxd7 c5 33. Ke6 g5 34. Ne5 a5 35. Nd3 Bc3 1-0

[Event "Kragero Resort Chess B 2019"]
[Site "Kragero"]
[Date "2019.02.24"]
[Round "8.3"]
[White "Magnusdottir, Veronika Steinunn"]
[Black "Arntsen, Frode"]
[Result "0-1"]
[ECO "B01"]
[WhiteElo "1740"]
[BlackElo "1718"]
[Annotator "NA RC"]
[PlyCount "100"]
[EventDate "2019.02.20"]
[EventType "swiss"]
[EventCountry "NOR"]
[SourceTitle "playchess.com"]
[Source "ChessBase"]
[SourceQuality "1"]
[TimeControl "5400+30"]

1. e4 d5 2. exd5 Qxd5 3. d4 Nf6 4. Nc3 Qd6 5. Nf3 c6 6. h3 Bf5 7. g4 Bg6 8. Ne5 Nbd7 9. Nxg6 hxg6 10. Qd3 Nxg4 11. Ne4 Qe6 12. Bg2 Ngf6 13. Be3 Nxe4 14. Qxe4 Qxe4 15. Bxe4 e6 16. O-O-O Nf6 17. Bg2 Be7 18. Bf4 Nd5 19. Be5 Bf6 20. Bd6 Rd8 21. Bc5 Nf4 22. Be4 Bxd4 23. Rxd4 Rxd4 24. Bxd4 Ne2+ 25. Kd2 Nxd4 26. Kd3 Nf5 27. c4 Ke7 28. c5 e5 29. b4 Nd4 30. Bg2 g5 31. Re1 Ke6 32. a4 a6 33. Kc3 f5 34. Bf1 Rh4 35. Bc4+ Kf6 36. Re3 Rf4 37. Rd3 Rxf2 38. b5 axb5 39. axb5 cxb5 40. Bd5 Rc2+ 41. Kb4 Ke7 42. Bxb7 Kd8 43. Ra3 e4 44. Bd5 Ke7 45. Ra6 e3 46. Ra7+ Kf6 47. c6 Nxc6+ 48. Bxc6 Rxc6 49. Kxb5 Re6 50. Ra1 e2 0-1

[Event "Kragero Resort Chess B 2019"]
[Site "Kragero"]
[Date "2019.02.24"]
[Round "8.4"]
[White "Austad, Eirik"]
[Black "Opseth, Oliver"]
[Result "1-0"]
[ECO "E67"]
[WhiteElo "1629"]
[BlackElo "1750"]
[Annotator "NA RC"]
[PlyCount "65"]
[EventDate "2019.02.20"]
[EventType "swiss"]
[EventCountry "NOR"]
[SourceTitle "playchess.com"]
[Source "ChessBase"]
[SourceQuality "1"]
[TimeControl "5400+30"]

1. c4 Nf6 2. Nc3 g6 3. g3 Bg7 4. Bg2 d6 5. d4 O-O 6. Nf3 Nbd7 7. O-O e5 8. d5 Ne8 9. b4 f5 10. Ba3 g5 11. Rc1 h5 12. c5 e4 13. Nd4 Ne5 14. Qb3 Rf6 15. Na4 h4 16. b5 Rh6 17. b6 Ng4 18. Ne6 Qf6 19. Bb2 Qg6 20. Bxg7 Nxg7 21. Nxc7 e3 22. f3 Nxh2 23. Qxe3 f4 24. gxf4 gxf4 25. Qxf4 Nxf1 26. Kxf1 h3 27. Bh1 h2 28. Ke1 Nf5 29. Qg4 Bd7 30. Nxa8 Bxa4 31. c6 bxc6 32. b7 Rh4 33. Qxg6+ 1-0

[Event "Kragero Resort Chess B 2019"]
[Site "Kragero"]
[Date "2019.02.24"]
[Round "8.5"]
[White "Leonhardsen, Vebjorn Maanum"]
[Black "Thorstensen, Martin"]
[Result "0-1"]
[ECO "A20"]
[WhiteElo "1748"]
[BlackElo "1717"]
[Annotator "NA RC"]
[PlyCount "56"]
[EventDate "2019.02.20"]
[EventType "swiss"]
[EventCountry "NOR"]
[SourceTitle "playchess.com"]
[Source "ChessBase"]
[SourceQuality "1"]
[TimeControl "5400+30"]

1. c4 e5 2. g3 Nf6 3. Bg2 Bc5 4. d3 Nc6 5. Nf3 d6 6. O-O h6 7. b3 Rb8 8. Bb2 a6 9. d4 exd4 10. Nxd4 Ne7 11. Nd2 O-O 12. N2f3 Ng6 13. Qc2 Re8 14. Rad1 Bd7 15. a3 a5 16. Rfe1 Qc8 17. Nd2 Ne7 18. Qc3 Nc6 19. Nxc6 Bxc6 20. Bxc6 bxc6 21. Ra1 Qf5 22. Nf3 Bxf2+ 23. Kg2 Bxe1 24. Rxe1 c5 25. Qxa5 Rxb3 26. Bxf6 Qxf6 27. Qa4 Rbe3 28. Kf2 Qc3 0-1

[Event "Kragero Resort Chess B 2019"]
[Site "Kragero"]
[Date "2019.02.24"]
[Round "8.6"]
[White "Hausken, Andreas Skrede"]
[Black "Solaas, Timian Martinius Ma"]
[Result "1-0"]
[ECO "C06"]
[WhiteElo "1752"]
[BlackElo "1666"]
[Annotator "NA RC"]
[PlyCount "119"]
[EventDate "2019.02.20"]
[EventType "swiss"]
[EventCountry "NOR"]
[SourceTitle "playchess.com"]
[Source "ChessBase"]
[SourceQuality "1"]
[TimeControl "5400+30"]

1. e4 e6 2. d4 d5 3. Nd2 Nf6 4. e5 Nfd7 5. Bd3 c5 6. c3 Nc6 7. Ne2 Be7 8. O-O O-O 9. a3 c4 10. Bc2 b5 11. f4 f5 12. exf6 Nxf6 13. Ng3 Bd7 14. Nf3 a5 15. Qe2 Re8 16. Ng5 Bf8 17. Nh5 g6 18. Nxf6+ Qxf6 19. h4 h6 20. Nf3 h5 21. Ne5 Nxe5 22. fxe5 Qxh4 23. Bxg6 Re7 24. Qxh5 Qxh5 25. Bxh5 Be8 26. Bg4 Ra6 27. Rf2 Rh7 28. Rf6 Bf7 29. Bd2 Bg7 30. Rf2 Bg6 31. Bg5 Bd3 32. Be2 Bh6 33. Bxd3 cxd3 34. Bxh6 Rxh6 35. Rf3 Ra7 36. Rxd3 Rah7 37. Rg3+ Kf7 38. Rf1+ Ke7 39. Kf2 Rf7+ 40. Rf3 Rg7 41. Rg1 Rhg6 42. g3 Rh6 43. Ke2 Rh2+ 44. Rf2 Rh3 45. Rfg2 Rg4 46. Kd2 Kf7 47. Kc2 a4 48. b3 Kg6 49. bxa4 bxa4 50. Kd3 Kg5 51. c4 Re4 52. cxd5 exd5 53. Re2 Rg4 54. Re3 Rh2 55. e6 Ra2 56. Re5+ Kg6 57. e7 Rxa3+ 58. Kc2 Ra2+ 59. Kb1 Kh7 60. Kxa2 1-0

[Event "Kragero Resort Chess B 2019"]
[Site "Kragero"]
[Date "2019.02.24"]
[Round "8.7"]
[White "Khoo-Thwe, Louis"]
[Black "Omtvedt, Per"]
[Result "1-0"]
[ECO "B01"]
[WhiteElo "1673"]
[BlackElo "1918"]
[Annotator "NA RC"]
[PlyCount "69"]
[EventDate "2019.02.20"]
[EventType "swiss"]
[EventCountry "NOR"]
[SourceTitle "playchess.com"]
[Source "ChessBase"]
[SourceQuality "1"]
[TimeControl "5400+30"]

1. e4 d5 2. exd5 Qxd5 3. Nc3 Qd6 4. d4 c6 5. Nf3 Nf6 6. Bd3 {[%emt 0:01:10] B01: Scandinavian Defence} (6. g3 Bf5 7. Bg2 h6 8. O-O e6 9. Na4 Nbd7 10. Bf4 Qe7 11. c4 g5 12. Be3 Bg7 13. Qb3 Rb8 {1-0 (88) Grandelius,N (2655)-Andreikin,D (2723) Porto Carras 2018}) 6... g6 7. O-O Bg7 8. Re1 O-O 9. h3 Nbd7 {[%emt 0:02:14] LiveBook: 7 Games} 10. Be3 Nb6 11. Nb1 $146 ({Predecessor:} 11. Qd2 Be6 12. Bh6 Bc4 13. Bxg7 Kxg7 {0-1 (51) Gileva,M (1835)-Karavaeva,A (1831) Togliatti 2012}) 11... Nbd5 12. c4 Nxe3 13. fxe3 Nd7 ({Black should play} 13... Qg3 $17 14. Kh1 b6) 14. Nc3 e5 15. d5 f5 16. e4 Nc5 17. Bc2 fxe4 (17... Kh8 $11) 18. Nxe4 Nxe4 19. Bxe4 Qc5+ 20. Kh1 Bf5 21. Bxf5 $11 Rxf5 22. Qb3 b6 23. g4 Rf4 24. Nxe5 Bxe5 25. Rxe5 Qxc4 26. dxc6 Rc8 27. Re6 Kg7 28. Re7+ Kh6 29. Qxc4 Rxc4 30. Rg1 Kg5 31. Rxh7 R8xc6 32. Rxa7 Rc2 33. Rf7 Rxb2 34. h4+ Kxh4 35. g5 1-0

[Event "Kragero Resort Chess B 2019"]
[Site "Kragero"]
[Date "2019.02.24"]
[Round "9.1"]
[White "Arntsen, Frode"]
[Black "Tumanyan, Simon H."]
[Result "0-1"]
[ECO "A24"]
[WhiteElo "1718"]
[BlackElo "1704"]
[Annotator "NA RC"]
[PlyCount "52"]
[EventDate "2019.02.20"]
[EventType "swiss"]
[EventCountry "NOR"]
[SourceTitle "playchess.com"]
[Source "ChessBase"]
[SourceQuality "1"]
[TimeControl "5400+30"]

1. c4 Nf6 2. g3 g6 3. Bg2 Bg7 4. Nc3 d6 5. d3 O-O 6. Nf3 e5 7. O-O c6 8. h3 Na6 9. e4 Ne8 10. Nh4 f5 11. exf5 gxf5 12. f4 exf4 13. Bxf4 Qb6+ 14. Kh2 Qxb2 15. Nd5 cxd5 16. Rb1 Qxa2 17. Qf3 dxc4 18. Rbe1 cxd3 19. Qxd3 Nc5 20. Qd1 Ne4 21. g4 Nc3 22. Qf3 fxg4 23. hxg4 Nf6 24. Nf5 Nxg4+ 25. Qxg4 Bxf5 26. Qh5 Be4 0-1

[Event "Kragero Resort Chess B 2019"]
[Site "Kragero"]
[Date "2019.02.24"]
[Round "9.2"]
[White "Thorstensen, Martin"]
[Black "Wright, Haakon"]
[Result "0-1"]
[ECO "B30"]
[WhiteElo "1717"]
[BlackElo "1750"]
[Annotator "NA RC"]
[PlyCount "111"]
[EventDate "2019.02.20"]
[EventType "swiss"]
[EventCountry "NOR"]
[SourceTitle "playchess.com"]
[Source "ChessBase"]
[SourceQuality "1"]
[TimeControl "5400+30"]

1. e4 c5 2. Nf3 g6 3. Bc4 Bg7 4. Nc3 Nc6 5. a3 Nf6 6. d3 O-O 7. O-O e6 8. Bg5 h6 9. Bd2 d5 10. exd5 exd5 11. Ba2 Re8 12. h3 a6 13. Rb1 b5 14. Re1 Rxe1+ 15. Qxe1 Qd6 16. Ne2 Bb7 17. Ng3 Re8 18. Qc1 Kh7 19. Bf4 Qd7 20. c3 Ng8 21. Qc2 d4 22. Re1 Rxe1+ 23. Nxe1 dxc3 24. bxc3 Ne5 25. Ne4 Qe7 26. Nxc5 Qxc5 27. d4 Qxa3 28. Bxe5 Qe7 29. Qb3 Bxe5 30. dxe5 Kg7 31. f4 Bc8 32. Qb4 Be6 33. Bb1 Qa7+ 34. Qd4 Qxd4+ 35. cxd4 a5 36. Be4 Ne7 37. Nc2 Nd5 38. g3 b4 39. Kf1 Nc3 40. Bg2 b3 41. Na3 b2 42. Ke1 Nb5 43. Nb1 Bf5 44. Nd2 Nxd4 45. g4 Nb3 46. Bd5 Nxd2 47. Ba2 b1=Q+ 48. Bxb1 Bxb1 49. Kxd2 Be4 50. Kc3 g5 51. f5 Bg2 52. Kd4 a4 53. Kc3 Bxh3 54. Kb4 Bxg4 55. f6+ Kg6 56. Kb5 0-1

[Event "Kragero Resort Chess B 2019"]
[Site "Kragero"]
[Date "2019.02.24"]
[Round "9.3"]
[White "Halvorsen, Benjamin"]
[Black "Austad, Eirik"]
[Result "1-0"]
[ECO "B12"]
[WhiteElo "1683"]
[BlackElo "1629"]
[Annotator "NA RC"]
[PlyCount "103"]
[EventDate "2019.02.20"]
[EventType "swiss"]
[EventCountry "NOR"]
[SourceTitle "playchess.com"]
[Source "ChessBase"]
[SourceQuality "1"]
[TimeControl "5400+30"]

1. e4 c6 2. d4 d5 3. f3 e6 4. Nc3 Bb4 5. Bf4 Nf6 6. Qd3 c5 7. dxc5 Nc6 8. O-O-O d4 9. Nb5 O-O 10. Bd6 Re8 11. Nc7 Bxc5 12. Nxe8 Bxd6 13. Nxd6 Qxd6 14. Ne2 e5 15. Kb1 Be6 16. a3 Na5 17. f4 Rd8 18. Qb5 Nc4 19. fxe5 Qxe5 20. Qxe5 Nxe5 21. Rxd4 Rxd4 22. Nxd4 Nxe4 23. Nxe6 fxe6 24. Be2 Kf7 25. Kc1 Ke7 26. Bf3 Nd6 27. Re1 Nd7 28. Kd2 b6 29. Bd5 Nf8 30. Ba2 Nb5 31. c4 Nc7 32. b4 Nd7 33. Re3 Kd6 34. Bb3 Nf6 35. h3 h6 36. Rd3+ Ke7 37. Ke3 a6 38. c5 b5 39. Rd6 Nfe8 40. Rb6 Kd7 41. Kd4 Na8 42. Rxe6 Nac7 43. Rb6 Nf6 44. Bd1 Nfe8 45. Bf3 Ne6+ 46. Ke5 N6c7 47. Bc6+ Ke7 48. Bxe8 Nxe8 49. Rxa6 h5 50. Re6+ Kd7 51. Rxe8 Kxe8 52. Kd6 1-0